 Dungeon Crawl Stone Soup version 0.28-a0-980-g3664467d6e (webtiles) character file.

Game seed: 13124139747131834776

75920 Ijustatesigmund the Severer (level 15, -4/155 HPs)
             Began as a Hill Orc Fighter on Dec 2, 2021.
             Was the Champion of Cheibriados.
             Slain by a stone giant (21 damage)
             ... on level 2 of the Orcish Mines.
             The game lasted 01:02:34 (26692 turns).

Ijustatesigmund the Severer (Hill Orc Fighter)     Turns: 26692, Time: 01:02:36

Health: -4/155     AC: 19    Str: 50    XL:     15   Next: 51%
Magic:  28/28      EV: 18    Int: 36    God:    Cheibriados [******]
Gold:   2791       SH:  0    Dex: 24    Spells: 11/14 levels left

rFire   + + .      SeeInvis +   N - +5 executioner's axe (flame)
rCold   + + .      Faith    .   (shield currently unavailable)
rNeg    . . .      Spirit   .   E - +3 scale mail of Gugrit {rPois rC+ Str+4 Int+2}
rPois   +          Reflect  .   L - +1 hat of Conscience {Fly Int+2}
rElec   +          Harm     .   M - scarf {rC+ rF+}
rCorr   +          Rampage  .   f - +3 pair of gloves of Beogh's Envy {rElec rCorr Str+8 Dex-3}
Will    ++...                   e - +2 pair of boots
Stlth   ++........              V - amulet "Siguf" {Will+ Regen+ Str+2 Stlth+}
HPRegen 1.15/turn               y - ring of protection from fire
MPRegen 0.21/turn               G - ring "Tysum" {EV+4 Int+5 SInv}

@: flying, very slow
A: no striking features
a: Renounce Religion, Convert to Beogh, Bend Time, Temporal Distortion, Slouch,
Step From Time


You were on level 2 of the Orcish Mines.
You worshipped Cheibriados.
Cheibriados was exalted by your worship.
You visited 4 branches of the dungeon, and saw 23 of its levels.
You also visited: Trove, Bailey, Gauntlet and Ice Cave.

You collected 2791 gold pieces.

Inventory:

Hand Weapons
 a - a +5 war axe
 d - the +6 broad axe "Death Rattle" {vorpal, Fly rF- rC+ Dex+3}
   (You found it in a treasure trove)

   It inflicts extra damage upon your enemies.
   Dex:       It affects your dexterity (+3).
   rF:        It makes you vulnerable to fire.
   rC:        It protects you from cold.
   Fly:       It grants you flight.
 N - a +5 executioner's axe of flaming (weapon)
Missiles
 j - 4 silver javelins
 m - 15 atropa-tipped darts (quivered)
 o - 2 throwing nets
Armour
 c - a +2 kite shield
 e - a +2 pair of boots (worn)
 f - the +3 pair of gloves of Beogh's Envy (worn) {rElec rCorr Str+8 Dex-3}
   (You acquired it in a bailey)

   Str:       It affects your strength (+8).
   Dex:       It affects your dexterity (-3).
   rElec:     It insulates you from electricity.
   rCorr:     It protects you from acid and corrosion.
 E - the +3 scale mail of Gugrit (worn) {rPois rC+ Str+4 Int+2}
   (You found it on level 7 of the Dungeon)

   Str:       It affects your strength (+4).
   Int:       It affects your intelligence (+2).
   rC:        It protects you from cold.
   rPois:     It protects you from poison.
 L - the +1 hat of Conscience (worn) {Fly Int+2}
   (You found it in a Gauntlet)

   Int:       It affects your intelligence (+2).
   Fly:       It grants you flight.
 M - a scarf of resistance (worn)
Jewellery
 q - an amulet of reflection
 y - a ring of protection from fire (left hand)
 F - a ring of protection from cold
 G - the ring "Tysum" (right hand) {EV+4 Int+5 SInv}
   (You took it off a centaur warrior on level 8 of the Dungeon)

   [ring of evasion]

   EV:        It affects your evasion (+4).
   Int:       It affects your intelligence (+5).
   SInv:      It lets you see invisible.
 H - the brooch of Shielding {Spirit SH+8}
   (You found it on level 8 of the Dungeon)

   [amulet of guardian spirit]

   It causes incoming damage to be divided between your reserves of health and
   magic.
   SH:        It affects your SH (+8).
 K - a ring of ice
 V - the amulet "Siguf" (around neck) {Will+ Regen+ Str+2 Stlth+}
   (You found it in a treasure trove)

   [amulet of regeneration]

   Str:       It affects your strength (+2).
   Regen:     It increases your rate of health regeneration.
   Will:      It increases your willpower.
   Stlth:     It makes you more stealthy.
 Y - a ring of poison resistance
Wands
 r - a wand of polymorph (7)
 s - a wand of acid (3)
 t - a wand of iceblast (4)
 v - a wand of flame (69)
 S - a wand of paralysis (13)
 W - a wand of digging (5)
Scrolls
 b - a scroll of acquirement
 g - 10 scrolls of teleportation
 i - a scroll of holy word
 A - 3 scrolls of fear
 B - 3 scrolls of immolation
 C - 4 scrolls of amnesia
 D - a scroll of silence
 I - a scroll of magic mapping
 J - a scroll of torment
 U - a scroll of fog
 X - 3 scrolls of identify
Potions
 h - 2 potions of magic
 k - 2 potions of lignification
 n - 10 potions of curing
 p - 3 potions of heal wounds
 u - 4 potions of brilliance
 w - 6 potions of attraction
 x - 2 potions of flight
 z - 4 potions of ambrosia
 O - 2 potions of resistance
 P - a potion of cancellation
 R - a potion of mutation {unknown}
 T - a potion of might


   Skills:
 + Level 19.8 Fighting
 - Level 20.8 Axes
 - Level 8.0 Armour
 - Level 4.7 Dodging
 - Level 7.3 Shields
 - Level 4.1 Translocations
 + Level 19.5 Invocations


You had 11 spell levels left.
You knew the following spells:

 Your Spells              Type           Power      Damage    Failure   Level
a - Magic Dart            Conj           0%         1d3       10%         1
b - Blink                 Tloc           58%        N/A       2%          2

Your spell library contained the following spells:

 Spells                   Type           Power      Damage    Failure   Level
 Sandblast                Erth           0%         2d4       10%         1
 Slow                     Hex            0%         N/A       10%         1
 Portal Projectile        Hex/Tloc       28%        N/A       12%         3
 Passwall                 Tmut/Erth      0%         N/A       14%         2
 Searing Ray              Conj           0%         2d4       14%         2
 Confusing Touch          Hex            0%         N/A       28%         3
 Conjure Flame            Conj/Fire      0%         6-21      28%         3
 Dazzling Flash           Conj/Hex       0%         N/A       28%         3
 Frozen Ramparts          Ice            0%         1d2       28%         3
 Ignite Poison            Fire/Tmut/Pois 0%         N/A       28%         3
 Ozocubu's Armour         Ice            0%         N/A       28%         3
 Stone Arrow              Conj/Erth      0%         3d7       28%         3
 Manifold Assault         Tloc           29%        N/A       43%         5
 Fulminant Prism          Conj/Hex       0%         3d6       67%         4
 Ice Form                 Ice/Tmut       0%         N/A       67%         4
 Sticky Flame             Conj/Fire      0%         2d3       67%         4
 Summon Ice Beast         Ice/Summ       0%         N/A       67%         4
 Agony                    Necr           0%         N/A       95%         5
 Blade Hands              Tmut           0%         N/A       95%         5
 Excruciating Wounds      Necr           0%         N/A       95%         5
 Metabolic Englaciation   Hex/Ice        0%         N/A       95%         5
 Silence                  Hex/Air        0%         N/A       95%         5
 Summon Mana Viper        Hex/Summ       0%         N/A       95%         5
 Yara's Violent Unravell  Hex/Tmut       0%         3d3       95%         5
 Simulacrum               Ice/Necr       0%         N/A       100%        6
 Monstrous Menagerie      Summ           0%         N/A       100%        7
 Storm Form               Tmut/Air       0%         N/A       100%        7


Dungeon Overview and Level Annotations

Branches:
Dungeon (14/15)            Temple (1/1) D:4            Lair (6/6) D:9
  Swamp (0/4) Lair:2       Spider (0/4) Lair:3        Slime (0/5) Lair:6
    Orc (2/2) D:11         Bailey (visited)           IceCv (visited)
Gauntlet (visited)
    Elf: Orc:2       Vaults: D:13-14

Altars:
Ashenzari
Cheibriados
Dithmenos
Elyvilon
Fedhas
Gozag
Hepliaklqana
Kikubaaqudgha
Makhleb
Nemelex Xobeh
Okawaru
Qazlal
Ru
Sif Muna
Trog
Uskayaw
Vehumet
Wu Jian
Xom
Yredelemnul
Zin
The Shining One
Jiyva

Shops:
D:11 *

Annotations:
D:10 2 transporters


Message History

You slice the hellwing!! You burn the hellwing. You slice the orc wizard!!
You burn the orc wizard.
You kill the orc wizard!
Cheibriados appreciates the change of pace.
The hellwing hits you. x2
The orc warrior hits you from afar with a +0 glaive!
You carve the hellwing like a ham!!! You burn the hellwing.
You kill the hellwing!
The hellwing disappears in a puff of smoke!
You slice the orc sorcerer!! You burn the orc sorcerer!
You kill the orc sorcerer!
Cheibriados appreciates the change of pace.
You hit the stone giant. You burn the stone giant.
The orc priest shouts, "Surrender to Beogh and we'll let you live!"
You hit the orc priest but do no damage.
The orc warrior hits you but does no damage.
The orc warrior hits you from afar with a +0 glaive!
The stone giant hits you!!
The orc priest shouts, "Join the one true god or die!"
You are too injured to fight recklessly!
You are too injured to fight recklessly!
Unknown command.
The orc priest hits you but does no damage.
The orc warrior closely misses you.
An orc priest comes into view. It is wielding a +0 club.
The stone giant throws a large rock.
The large rock hits you!!
* * * LOW HITPOINT WARNING * * *
The orc priest hits you with a +0 short sword.
* * * LOW HITPOINT WARNING * * *
The orc warrior completely misses you.
The orc warrior hits you with a +0 glaive!
* * * LOW HITPOINT WARNING * * *
There is a stone staircase leading up, spattered with blood here.
The orc priest hits you with a +0 short sword.
* * * LOW HITPOINT WARNING * * *
The orc warrior barely misses you.
The orc warrior hits you with a +0 glaive!
* * * LOW HITPOINT WARNING * * *
The stone giant hits you!!
You die...

##...........
............
##...o.......
#...........
#.........#
#.......#
#...)o.#
##..)@[.#
#...oC).#
##..ooo.#
#.......#
#.......#
##...$..#
#.......
#........
#.........


You could see a stone giant, 3 orc warriors, 2 orc priests and an orc.

Vanquished Creatures
  An orc warlord (Orc:1)
  A white draconian (IceCv)
  A dire elephant (Lair:4)
  A minotaur (Gauntlet)
  An ettin (Orc:1)
  Josephine (D:10)
  The ghost of Tutuygh the Nimble, a journeyman KoWr of Uskayaw (Lair:3)
  10 hydras
  5 boulder beetles
  2 centaur warriors (D:8)
  3 catoblepae (Lair:6)
  5 two-headed ogres
  2 tengu warriors (D:14)
  8 death yaks
  Nergalle (D:9)
  Sonja (Lair:5)
  5 skeletal warriors (D:12)
  A deep elf pyromancer (D:14)
  An orc knight (Orc:1)
  A necromancer (Gauntlet)
  An orb spider (Lair:3)
  2 ugly things
  5 cyclopes
  An orc sorcerer (Orc:2)
  2 manticores (Lair:6)
  2 ice statues (IceCv)
  5 black mambas
  2 gargoyles
  A torpor snail (Lair:3)
  An elephant (D:9)
  An unseen horror (D:11)
  5 rime drakes
  A kobold demonologist (D:12)
  14 cane toads
  A minotaur zombie (Gauntlet)
  9 komodo dragons
  5 polar bears
  5 trolls
  12 slime creatures
  A wolf spider simulacrum (Gauntlet)
  8 blink frogs
  A wandering mushroom (D:8)
  6 wraiths
  6 wyverns
  A shadow (D:12)
  49 yaks
  A ynoxinul (Gauntlet)
  6 basilisks
  2 steam dragons (D:8)
  Grum (D:9)
  2 vampire mosquitoes (D:12)
  An acid dragon (D:11)
  15 water moccasins
  An ice beast (D:6)
  A meliai simulacrum (Gauntlet)
  27 orc warriors
  An ice dragon simulacrum (Gauntlet)
  6 ogres
  A necrophage (D:6)
  7 wolves
  19 centaurs
  A phantom (D:5)
  2 kobold brigands
  15 bullfrogs
  5 scorpions (D:7)
  2 gnoll sergeants
  A water moccasin skeleton (D:6)
  3 killer bees (D:9)
  2 lindwurm simulacra (IceCv)
  9 wights
  2 howler monkeys (D:9)
  9 komodo dragon simulacra (IceCv)
  3 centaur zombies
  3 hounds
  3 iron imps (Gauntlet)
  4 jellies (Lair:6)
  A bullfrog skeleton (D:7)
  15 orc priests
  A gnoll shaman (D:4)
  5 iguanas
  A scorpion zombie (D:5)
  28 orc wizards
  2 hell rats (Lair:3)
  The ghost of paps the Sneak, a weakling OpDe (D:4)
  23 gnolls
  A howler monkey skeleton (D:5)
  8 river rats (Lair:3)
  4 adders
  7 acid dragon simulacra (IceCv)
  A shadow imp (D:8)
  A white imp (D:8)
  3 steam dragon simulacra (IceCv)
  An adder skeleton (D:4)
  A worm (D:2)
  5 dart slugs
  86 orcs
  4 ball pythons (D:1)
  7 endoplasms
  7 giant cockroaches
  2 hobgoblins
  3 jackals (D:3)
  7 bats
  2 frilled lizards
  11 goblins
  30 kobolds
  13 rats
635 creatures vanquished.

Vanquished Creatures (others)
  A wizard (D:11)
  30 fungi
  116 plants
  24 withered plants
171 creatures vanquished.

Grand Total: 806 creatures vanquished

Notes
Turn   | Place    | Note
-------+----------+-------------------------------------------
     0 | D:1      | Ijustatesigmund the Hill Orc Fighter began the quest for
                  | the Orb.
     0 | D:1      | Reached XP level 1. HP: 19/19 MP: 1/1
    78 | D:1      | Reached skill level 3 in Axes
   101 | D:1      | Found a faded altar of an unknown god.
   339 | D:1      | Reached XP level 2. HP: 24/26 MP: 2/2
   610 | D:1      | Reached skill level 4 in Axes
   687 | D:1      | Reached XP level 3. HP: 25/31 MP: 3/3
  1292 | D:2      | Reached skill level 5 in Axes
  1575 | D:2      | Reached XP level 4. HP: 38/39 MP: 4/4
  2097 | D:2      | Reached skill level 6 in Axes
  2152 | D:3      | Reached XP level 5. HP: 33/47 MP: 5/5
  2355 | D:3      | Noticed an ogre
  2360 | D:3      | Killed an ogre
  2361 | D:3      | Reached skill level 5 in Fighting
  2361 | D:3      | Reached skill level 7 in Axes
  2361 | D:3      | Reached XP level 6. HP: 37/56 MP: 6/6
  4326 | D:4      | Found a runed translucent gate.
  4326 | D:4      | Found a runed translucent gate.
  4327 | D:4      | Found a runed translucent gate.
  4328 | D:4      | Noticed paps's ghost (weakling OpDe)
  4353 | D:4      | Reached XP level 7. HP: 25/63 MP: 7/7
  4560 | D:4      | Reached skill level 8 in Axes
  4596 | D:4      | Found an ancient bone altar of Kikubaaqudgha.
  4664 | D:4      | Found a staircase to the Ecumenical Temple.
  4671 | Temple   | Entered the Ecumenical Temple
  4982 | Temple   | Became a worshipper of Cheibriados the Contemplative
  5156 | D:4      | Reached skill level 1 in Invocations
  5303 | D:4      | Reached * piety under Cheibriados
  5761 | D:5      | Entered Level 5 of the Dungeon
  5792 | D:5      | Reached XP level 8. HP: 71/71 MP: 8/10
  6067 | D:5      | Reached skill level 9 in Axes
  6067 | D:5      | Reached skill level 5 in Armour
  6405 | D:4      | Reached ** piety under Cheibriados
  7329 | D:6      | Reached skill level 5 in Invocations
  7455 | D:6      | Reached XP level 9. HP: 71/81 MP: 12/12
  7878 | D:6      | Reached skill level 10 in Axes
  8712 | D:7      | Reached *** piety under Cheibriados
  9540 | D:7      | Identified the +3 scale mail of Gugrit {rPois rC+ Str+4
                  | Int+2}
 10300 | D:8      | Found a basalt altar of Yredelemnul.
 10310 | D:8      | Found an iron altar of Okawaru.
 10392 | D:8      | Noticed a centaur warrior
 10403 | D:8      | Killed a centaur warrior
 10404 | D:8      | Reached skill level 11 in Axes
 10404 | D:8      | Reached skill level 1 in Dodging
 10404 | D:8      | Reached XP level 10. HP: 69/91 MP: 15/15
 10590 | D:8      | Reached **** piety under Cheibriados
 11254 | D:8      | Reached skill level 5 in Shields
 11259 | D:8      | Reached skill level 10 in Fighting
 11493 | D:8      | Noticed a two-headed ogre
 11495 | D:8      | Noticed a cyclops
 11498 | D:8      | Killed a two-headed ogre
 11500 | D:8      | Reached skill level 12 in Axes
 11510 | D:8      | Killed a cyclops
 11511 | D:8      | Reached XP level 11. HP: 101/101 MP: 17/17
 11511 | D:8      | Identified the ring "Tysum" {EV+4 Int+5 SInv}
 11511 | D:8      | Noticed a centaur warrior
 11517 | D:8      | Killed a centaur warrior
 11885 | D:8      | Found the brooch of Shielding {Spirit SH+8}
 11907 | D:8      | Identified the +6 hand axe "Moypeec" {spect, Dex+4}
 12551 | D:9      | Reached skill level 13 in Axes
 12696 | D:9      | Reached skill level 14 in Axes
 12850 | D:9      | Found a staircase to the Lair.
 12918 | D:9      | Found a shadowy altar of Dithmenos.
 13000 | D:9      | Noticed Grum
 13009 | D:9      | Killed Grum
 13012 | D:9      | Reached ***** piety under Cheibriados
 13013 | D:9      | Reached skill level 15 in Axes
 13129 | D:9      | Noticed a cyclops
 13135 | D:9      | Killed a cyclops
 13548 | D:10     | Entered Level 10 of the Dungeon
 13548 | D:10     | Noticed Nergalle
 13564 | D:9      | Killed Nergalle
 13565 | D:9      | Reached skill level 16 in Axes
 13641 | D:9      | Reached skill level 17 in Axes
 13857 | D:10     | Noticed Josephine
 13862 | D:10     | Reached skill level 18 in Axes
 13869 | D:10     | Killed Josephine
 13870 | D:10     | Reached skill level 19 in Axes
 13870 | D:10     | Reached XP level 12. HP: 89/108 MP: 12/19
 13954 | D:10     | Found a transporter.
 14098 | D:10     | Learned a level 1 spell: Magic Dart
 14101 | D:10     | Learned a level 2 spell: Blink
 14147 | D:10     | Noticed a two-headed ogre
 14154 | D:10     | Killed a two-headed ogre
 14155 | D:10     | Reached skill level 1 in Translocations
 14205 | D:10     | Found a transporter.
 14214 | D:10     | Found a transporter.
 14379 | D:10     | Found a transporter.
 14380 | D:10     | Found a transporter.
 14384 | D:10     | Found a transporter.
 14524 | D:4      | Killed paps's ghost
 14758 | D:11     | Noticed a boulder beetle
 14772 | D:11     | Killed a boulder beetle
 14780 | D:11     | Identified the +1 leather armour "Ocri" {+Blink Fly rC+
                  | Str+3}
 14794 | D:11     | Found Xiashret's General Store.
 14800 | D:11     | Reached skill level 20 in Axes
 14865 | D:11     | Found a gate leading to a gauntlet.
 14874 | Gauntlet | Entered a Gauntlet
 14874 | Gauntlet | Found a transporter.
 14874 | Gauntlet | Found a transporter.
 14878 | Gauntlet | Found a transporter.
 14878 | Gauntlet | Found a transporter.
 14883 | Gauntlet | Noticed a death yak
 14883 | Gauntlet | Noticed a death yak
 14884 | Gauntlet | Noticed a death yak
 14885 | Gauntlet | Noticed a death yak
 14885 | Gauntlet | Found a transporter.
 14885 | Gauntlet | Noticed a death yak
 14885 | Gauntlet | Noticed a death yak
 14899 | Gauntlet | Found a transporter.
 14899 | Gauntlet | Found the ring of Shadows {Umbra +Inv Stlth+}
 14908 | Gauntlet | Found a transporter.
 14911 | Gauntlet | Found a transporter.
 14911 | Gauntlet | Found a transporter.
 15034 | Gauntlet | Found a transporter.
 15060 | Gauntlet | Identified the ring "Yfalun Leawk" {rN+ Int+2}
 15074 | Gauntlet | Killed a death yak
 15079 | Gauntlet | Found a transporter.
 15226 | Gauntlet | Found a transporter.
 15246 | Gauntlet | Identified the +1 hat of Conscience {Fly Int+2}
 15265 | Gauntlet | Noticed a minotaur
 15279 | Gauntlet | Killed a minotaur
 15295 | Gauntlet | Identified the +1 robe "Linigh" {rC++ Regen+ Int+5 Dex-3}
 15758 | D:11     | Reached skill level 10 in Invocations
 15801 | D:11     | Noticed a boulder beetle
 15807 | D:11     | Killed a boulder beetle
 15808 | D:11     | Noticed a two-headed ogre
 15816 | D:11     | Killed a two-headed ogre
 16001 | D:11     | Reached XP level 13. HP: 113/116 MP: 20/20
 16102 | D:11     | Found a staircase to the Orcish Mines.
 16345 | D:12     | Found a portal to a secret trove of treasure.
 16357 | Trove    | Entered a treasure trove
 16370 | Trove    | Identified the +5 quarterstaff of the Penguin {venom,
                  | *Corrode MP+9 Dex+3 Stlth+}
 16371 | Trove    | Identified the +6 broad axe "Death Rattle" {vorpal, Fly rF-
                  | rC+ Dex+3}
 16373 | Trove    | Identified the +4 lajatang of the Volcano {flame, Fragile
                  | rC++ Dex+4 Stlth+}
 16397 | Trove    | Identified the amulet of Reemohait {Acrobat Int-3 Dex+5}
 16399 | Trove    | Identified the amulet of Egomania {Spirit rC- Int+5 Dex+8}
 16401 | Trove    | Identified the amulet "Siguf" {Will+ Regen+ Str+2 Stlth+}
 18218 | D:13     | Found a flagged portal.
 18233 | Bailey   | Entered a bailey
 18507 | Bailey   | Acquired the +3 pair of gloves of Beogh's Envy {rElec rCorr
                  | Str+8 Dex-3}
 18700 | D:13     | Found a frozen archway.
 18709 | IceCv    | Entered an ice cave
 18931 | IceCv    | Noticed a white draconian
 18951 | IceCv    | Killed a white draconian
 18952 | IceCv    | Reached skill level 15 in Invocations
 18999 | IceCv    | Identified the ring "Lymak" {Ice rElec Str-3 Dex+6}
 20035 | D:14     | Reached XP level 14. HP: 98/130 MP: 25/25
 20161 | Lair:1   | Entered Level 1 of the Lair of Beasts
 21027 | Lair:2   | Found a staircase to the Swamp.
 21443 | Lair:2   | Reached skill level 15 in Fighting
 22670 | Lair:3   | Found a runed translucent gate.
 22671 | Lair:3   | Found a runed translucent gate.
 22672 | Lair:3   | Found a runed translucent gate.
 22672 | Lair:3   | Noticed Tutuygh's ghost (journeyman KoWr)
 22687 | Lair:3   | Killed Tutuygh's ghost
 22911 | Lair:3   | Found a hole to the Spider Nest.
 23233 | Lair:4   | Noticed a dire elephant
 23242 | Lair:4   | Killed a dire elephant
 24333 | Lair:5   | Noticed Sonja
 24341 | Lair:5   | Killed Sonja
 24804 | Lair:6   | Entered Level 6 of the Lair of Beasts
 24864 | Lair:6   | Reached XP level 15. HP: 150/150 MP: 28/28
 24907 | Lair:6   | Reached ****** piety under Cheibriados
 25117 | Lair:6   | Identified the +3 rapier of the Onslaught {vorpal, rElec
                  | rPois rC-}
 25687 | Lair:6   | Found a runed translucent door.
 25687 | Lair:6   | Found a viscous altar of Jiyva.
 25688 | Lair:6   | Found a staircase to the Slime Pits.
 26049 | Orc:1    | Entered Level 1 of the Orcish Mines
 26352 | Orc:2    | Entered Level 2 of the Orcish Mines
 26357 | Orc:2    | Noticed an orc warlord
 26548 | Orc:1    | Killed an orc warlord
 26692 | Orc:2    | Slain by a stone giant

Illustrated notes

Levels and vault maps discovered:
D:1:      kennysheep_arrival_seaside, layout_basic, serial_co_window_serial,
          co_window_paths_a, co_window_paths_b, co_window_paths_a,
          co_window_paths_b, co_window_of_opportunity_a, co_window_paths_b,
          co_window_cross_1, co_window_unsneaky_path_a,
          co_window_unsneaky_path_b, co_window_corner_cb, co_window_broadway_b,
          co_window_4corner_a, glass_columns_b, glass_columns_a,
          glass_columns_a, glass_columns_b, glass_columns_a,
          dreamdust_ecumenical_altar_grove
D:2:      layout_rooms
D:3:      layout_rooms, solitary_fountain
D:4:      kennysheep_kobold_camp, layout_loops_corners,
          kiku_gazebo_garden_becter, minmay_temple_entry_offerings,
          ebering_ghost_rock_garden, mrwooster_statue_mirror,
          nicolae_grassy_gnolls
D:5:      layout_rooms, minivault_19, minmay_misc_feat_more_columns,
          item_on_display_a
D:6:      layout_loops_corners
D:7:      layout_basic
D:8:      minmay_the_grid_triangle_9x9_recursive_2
          [minmay_the_grid_triangle_9x9_prize_schism,
          minmay_the_grid_triangle_9x9_dagger,
          minmay_the_grid_triangle_9x9_intruding_spiral,
          minmay_the_grid_triangle_9x9_alien], layout_loops_cross,
          grunt_temple_overflow_open, minmay_misc_feat_roman,
          wad_woods_river_04, nicolae_figureground_sparkle
D:9:      layout_basic, lemuel_crystal_altar, david_lair_generic, uniq_grum
D:10:     layout_cross, serial_nicolae_subway, nicolae_sub_station_stone,
          nicolae_sub_station_crystal, nicolae_sub_station_metal, uniq_nergalle,
          uniq_josephine
D:11:     layout_long_grid, hiddenorc1_lemuel, serial_shops,
          nicolae_diamond_shop, gauntlet_entry_generic
D:12:     layout_basic, enter_trove_2
D:13:     layout_basic, portal_ice_cave_entry_pillars_1, enter_bailey_5
D:14:     layout_loops_cross, grunt_vaults_entry_tiered, serial_shops,
          nicolae_inconvenience_store, nicolae_shop_advertising_works
          [nicolae_subvault_shop_adworks], hangedman_abyss_or_decor_stagger
Temple:   dpeg_five_rooms_temple
Lair:1:   layout_cellular_growth
Lair:2:   layout_regular_city, swamp_mist_pool
Lair:3:   layout_loops_ring, nicolae_spider_entry_orb_guardian,
          gammafunk_ghost_hydra_chop, kennysheep_abandoned_house
Lair:4:   nzn_winding_woodlands_small
          [nzn_winding_woodlands_5x15_river_crossing,
          nzn_winding_woodlands_center_diamonds,
          nzn_winding_woodlands_5x15_split_checker], layout_regular_city
Lair:5:   layout_regular_city, uniq_sonja
Lair:6:   evilmike_catoblepas_cave, layout_regular_city, slime_altar_2
Orc:1:    layout_diamond_mine
Orc:2:    grunt_orc_gardens, layout_caves, grunt_orc_garden, grunt_orc_garden,
          grunt_orc_garden, grunt_orc_garden, nicolae_orc_lava_room,
          uniq_jorgrun

Skill      XL: |  1  2  3  4  5  6  7  8  9 10 11 12 13 14 15 |
---------------+----------------------------------------------+-----
Axes           | 3 4 5 6 7 8 9 11 12 19 20 | 20.8
Fighting       | 4 5 6 8 9 10 11 13 18 19 | 19.8
Armour         | 4 5 7 8 |  8.0
Invocations    | 2 5 7 9 10 15 18 19 | 19.5
Dodging        | 1 3 4 |  4.7
Shields        | 4 5 6 7 |  7.3
Translocations | 4 |  4.1

Action                   |  1- 3 |  4- 6 |  7- 9 | 10-12 | 13-15 || total
-------------------------+-------+-------+-------+-------+-------++-------
Melee: War axe           |    72 |   192 |   351 |   497 |    27 ||  1139
       Broad axe         |       |       |       |       |   268 ||   268
       Trident           |       |       |       |       |    23 ||    23
       Executioner's axe |       |       |       |       |   336 ||   336
Throw: Dart              |       |       |       |       |     3 ||     3
Invok: Bend Time         |       |       |       |     6 |     1 ||     7
       Slouch            |       |       |       |     2 |     1 ||     3
Evoke: Wand              |       |       |     2 |    13 |    11 ||    26
  Use: Scroll            |     3 |     2 |    10 |    11 |    15 ||    41
       Potion            |       |     1 |     5 |     1 |       ||     7
 Stab: Sleeping          |       |       |     3 |       |       ||     3
       Distracted        |       |       |       |       |     1 ||     1
       Petrified         |       |       |       |       |     3 ||     3
Armor: Scale mail        |    28 |    75 |   121 |   134 |   254 ||   612
       Shadow dragon sca |       |       |    37 |       |       ||    37
       Chain mail        |       |       |    12 |       |       ||    12
Dodge: Dodged            |    31 |    61 |    94 |   160 |   570 ||   916
Block: Buckler           |    22 |    72 |    40 |       |       ||   134
       Kite shield       |       |       |    88 |   385 |   283 ||   756

Table legend: (Time is in decaauts)
 A = Elapsed time spent in this place.
 B = Non-inter-level travel time spent in this place.
 C = Inter-level travel time spent in this place.
 D = Time resting spent in this place.
 E = Time spent auto-exploring this place.
 F = Levels seen in this place.
 G = Mean time per level.
                   A        B        C        D        E       F      G
               +--------+--------+--------+--------+--------+-----+--------+
         Total |  36171 |  34375 |   1796 |   5609 |  22855 |  27 | 1339.7 |
       Dungeon |  23060 |  21846 |   1214 |   4431 |  13937 |  14 | 1647.1 |
        Temple |    351 |    260 |     91 |      0 |    248 |   1 |  351.0 |
          Lair |   9733 |   9284 |    449 |    578 |   7671 |   6 | 1622.2 |
  Orcish Mines |    926 |    885 |     41 |    276 |    458 |   2 |  463.0 |
         Trove |    122 |    122 |      0 |      0 |     39 |   1 |  122.0 |
        Bailey |    601 |    601 |      0 |      0 |    183 |   1 |  601.0 |
      Ice Cave |    599 |    599 |      0 |    119 |    270 |   1 |  599.0 |
      Gauntlet |    777 |    777 |      0 |    205 |     46 |   1 |  777.0 |
               +--------+--------+--------+--------+--------+-----+--------+

Top non-repeatable levels by time:
     D:8: 3213 daAuts
     D:4: 2240 daAuts
     D:9: 2141 daAuts
    D:12: 2090 daAuts
     D:7: 2072 daAuts
  Lair:6: 1969 daAuts
     D:6: 1888 daAuts
    D:11: 1829 daAuts
  Lair:4: 1717 daAuts
  Lair:2: 1707 daAuts
  Lair:3: 1604 daAuts
     D:5: 1454 daAuts
    D:13: 1430 daAuts
  Lair:1: 1429 daAuts
     D:3: 1427 daAuts
